 Dungeon Crawl Stone Soup version 0.30.0-20-g3615ddf2f0 (webtiles) character file.

Game seed: 444285837750014040

1104 qw the Chopper (level 8, -1/49 HPs)
             Began as a Gargoyle Fighter on May 28, 2023.
             Slain by a gnoll
             ... wielding a +0 flail
             ... led by a gnoll bouda
              (7 damage)
             ... on level 5 of the Dungeon.
             The game lasted 00:02:05 (3570 turns).

qw the Chopper (Gargoyle Fighter)                   Turns: 3570, Time: 00:02:06

Health: -1/49      AC: 29    Str: 28    XL:     8   Next: 32%
Magic:  8/8        EV:  7    Int:  9    God:
Gold:   190        SH:  3    Dex:  4    Spells: 7/7 levels left

rFire   . . .        Y - +0 war axe
rCold   + . .        c - +0 buckler
rNeg    + . .        n - +6 plate armour of Wrong Decisions {Regen+ rCorr Dex-5 SInv}
rPois   inf          (no helmet)
rElec   +            s - +2 cloak
rCorr   +            (no gloves)
SInv    +            a - +2 pair of boots
Will    .....        (no amulet) Stlth
                     r - +6 ring of strength
HPRegen 1.08/turn    o - ring of protection from cold
MPRegen 0.11/turn

%: no passive effects
@: weakened
A: sickness immunity, AC +5, negative energy resistance 1, electricity
resistance, torment resistance 1, petrification resistance
a: no special abilities


You were on level 5 of the Dungeon.
You visited 1 branch of the dungeon, and saw 5 of its levels.

You collected 190 gold pieces.


Innate Abilities, Weirdness & Mutations

You are immune to sickness and miasma.
Your stone body is resilient. (AC +5)
You are immune to poison.
You resist negative energy. (rN+)
You are resistant to electric shocks. (rElec)
You are resistant to unholy torment.
You are immune to petrification.


   Skills:
 - Level 5.2 Fighting
 + Level 7.5 Axes
 - Level 2.2 Throwing
 - Level 4.1 Armour
 - Level 3.2 Shields


You had 7 spell levels left.
You didn't know any spells.
Your spell library was empty.

Inventory:

Hand Weapons
 m - a +0 flail
 Y - a +0 war axe (weapon)
Missiles
 f - 4 silver javelins (quivered)
Armour
 a - a +2 pair of boots (worn)
 c - a +0 buckler (worn)
 n - the +6 plate armour of Wrong Decisions (worn) {Regen+ rCorr Dex-5 SInv}
   (You acquired it on level 3 of the Dungeon)

   Dex:       It affects your dexterity (-5).
   SInv:      It lets you see invisible.
   Regen:     It increases your rate of health regeneration.
   rCorr:     It protects you from acid and corrosion.
 s - a +2 cloak (worn)
 v - an orb of light
Jewellery
 i - a ring of resist corrosion
 o - a ring of protection from cold (right hand)
 p - a ring of resist corrosion
 r - a +6 ring of strength (left hand)
Scrolls
 e - a scroll of identify
 j - a scroll of fog {unknown}
Potions
 b - a potion of lignification {unknown}
 d - 2 potions of might
 g - a potion of attraction
 h - 3 potions of degeneration {unknown}
 k - a potion of flight {unknown}
 l - a potion of magic {unknown}
 q - a potion of ambrosia {unknown}
 t - a potion of heal wounds {unknown}
 u - a potion of curing {unknown}

Dungeon Overview and Level Annotations

Branches:
Dungeon (5/15)
 Temple: D:4-7

Altars:

Shops:
D:2 =

Portals:
Abyss: D:1***


Message History

The gnoll bouda hits you but does no damage.
You slash the orc priest!
The orc priest is severely wounded.
You hit the gnoll but do no damage. You hit the gnoll bouda.
Your attacks no longer feel as feeble.
The gnoll hits you but does no damage. x3
The gnoll bouda gazes fiercely through you!
You feel your attacks grow feeble. The gnoll bouda barely misses you.
The orc priest looks satisfied for a moment.
You barely miss the orc priest.
The orc priest is severely wounded.
You barely miss the gnoll. You hit the gnoll bouda.
The gnoll hits you from afar with a +0 spear.
The orc priest hits you but does no damage.
The gnoll hits you but does no damage. x2
The gnoll bouda hits you with a +0 club.
You hit the orc priest.
The orc priest is almost dead.
You closely miss the gnoll bouda. You barely miss the gnoll.
The gnoll hits you but does no damage. x2; You block the gnoll's attack.
The gnoll bouda hits you but does no damage.
You hit the orc priest but do no damage.
The orc priest is almost dead.
You barely miss the gnoll bouda. You slash the gnoll!
The gnoll closely misses you. The gnoll hits you but does no damage.
You block the gnoll bouda's attack.
The orc priest calls down the wrath of Beogh upon you.
Beogh smites you! The gnoll hits you with a +0 flail.
The gnoll hits you with a +2 whip of venom.
The gnoll hits you but does no damage.
You hit the orc priest but do no damage.
The orc priest is almost dead.
You barely miss the gnoll. You barely miss the gnoll bouda.
You closely miss the gnoll. The gnoll hits you but does no damage.
The gnoll bouda hits you with a +0 club.
The orc priest hits you with a +0 dagger.
The gnoll hits you with a +0 flail!
You die...

###. ... #
#####..#
#.###......
.....g..# ..ogg.#
#gog.#
######o@g.#
..........#
######....#######
+...........
#....######.
##....#####
#.....'...#
#.....###.#
#...(.# #.#


You could see a gnoll bouda, an orc priest, 5 gnolls and 2 orcs.

Vanquished Creatures
  Pikel (D:4)
  An ice beast (D:5)
  An ogre (D:4)
  A scorpion (D:4)
  An orc priest (D:4)
  A hound (D:4)
  2 sleepcaps
  An orc wizard (D:3)
  Natasha (thrice) (D:3)
  10 adders
  A worm (D:4)
  5 dart slugs
  9 orcs
  6 ball pythons
  14 endoplasms
  5 giant cockroaches
  8 goblins
  5 hobgoblins
  5 jackals
  6 kobolds
  7 quokkas
  5 bats
  2 frilled lizards (D:1)
  28 rats
128 creatures vanquished.

Notes
Turn   | Place    | Note
-------+----------+-------------------------------------------
     0 | D:1      | qw the Gargoyle Fighter began the quest for the Orb.
     0 | D:1      | Reached XP level 1. HP: 14/14 MP: 1/1
     0 | D:1      | 0 ||| qw: Version: 0.2-a-101-gf8a7cd0
     0 | D:1      | 0 ||| qw: Game counter: 264
     0 | D:1      | 0 ||| qw: Always use a shield: true
     0 | D:1      | 0 ||| qw: God list: Okawaru
     0 | D:1      | 0 ||| qw: Allow faded altars: false
     0 | D:1      | 0 ||| qw: Do Orc after D:15 true
     0 | D:1      | 0 ||| qw: Do second Lair branch before Depths: true
     0 | D:1      | 0 ||| qw: Lair rune preference: random
     0 | D:1      | 0 ||| qw: Plans: Normal, Zot:1-4, Slime:5, God:TSO, Crypt,
                  | Tomb, Pan, Hells, Abyss, Win
     0 | D:1      | 0 ||| PLANNING D:1-11
    66 | D:1      | Reached skill level 2 in Axes
   151 | D:1      | Reached XP level 2. HP: 17/19 MP: 2/2
   290 | D:1      | 290 ||| DROPPING +0 club.
   437 | D:1      | 437 ||| Stepping ~*~*~tactically~*~*~ (hiding).
   509 | D:1      | 509 ||| Stepping ~*~*~tactically~*~*~ (hiding).
   520 | D:1      | Reached skill level 3 in Axes
   532 | D:1      | Reached XP level 3. HP: 21/23 MP: 3/3
   750 | D:1      | 750 ||| UPGRADING to +0 chain mail.
   760 | D:1      | 760 ||| DROPPING +0 scale mail.
   761 | D:1      | 761 ||| UPGRADING to ring of protection from cold.
   762 | D:1      | 762 ||| READING scroll labelled WOENKUM YVOWK.
   763 | D:1      | 763 ||| READING scroll labelled KAOGUJINWI.
   764 | D:1      | 764 ||| READING scroll labelled BEROAFF ZEGO.
   765 | D:1      | 765 ||| READING scroll labelled JAONEKHL VEPRIOFAL.
   766 | D:1      | 766 ||| READING scroll labelled XECIKHL HYWAD.
   844 | D:2      | Reached XP level 4. HP: 26/28 MP: 4/4
   941 | D:2      | Reached skill level 1 in Throwing
   951 | D:2      | Reached skill level 4 in Axes
  1021 | D:2      | 1021 ||| Stepping ~*~*~tactically~*~*~ (stealth).
  1022 | D:2      | 1022 ||| Stepping ~*~*~tactically~*~*~ (stealth).
  1023 | D:2      | 1023 ||| Stepping ~*~*~tactically~*~*~ (stealth).
  1024 | D:2      | 1024 ||| Stepping ~*~*~tactically~*~*~ (stealth).
  1127 | D:2      | Reached XP level 5. HP: 31/32 MP: 5/5
  1132 | D:2      | Found Kuipyteh's Jewellery Shoppe.
  1141 | D:2      | 1141 ||| SHOPLISTING amulet of guardian spirit (420 gold,
                  | have 49).
  1141 | D:2      | 1141 ||| SHOPLISTING amulet of the acrobat (420 gold, have
                  | 49).
  1141 | D:2      | 1141 ||| SHOPLISTING ring of Due Proportion {Will+ Dex+3}
                  | (536 gold, have 49).
  1141 | D:2      | 1141 ||| SHOPLISTING ring of fire (350 gold, have 49).
  1141 | D:2      | 1141 ||| SHOPLISTING ring of protection from fire (350
                  | gold, have 49).
  1141 | D:2      | 1141 ||| SHOPLISTING ring of resist corrosion (280 gold,
                  | have 49).
  1141 | D:2      | 1141 ||| SHOPLISTING ring of see invisible (210 gold, have
                  | 49).
  1182 | D:2      | Identified the staff of conjuration "Rekesm" {Fragile
                  | Dex+4}
  1326 | D:2      | 1326 ||| UPGRADING to +0 pair of boots.
  1444 | D:3      | 1444 ||| Stepping ~*~*~tactically~*~*~ (stealth).
  1448 | D:3      | 1448 ||| Stepping ~*~*~tactically~*~*~ (stealth).
  1454 | D:3      | Noticed Natasha
  1470 | D:3      | Killed Natasha
  1471 | D:3      | Reached skill level 5 in Axes
  1483 | D:3      | Noticed Natasha
  1501 | D:3      | Killed Natasha
  1605 | D:3      | 1605 ||| Stepping ~*~*~tactically~*~*~ (stealth).
  1637 | D:3      | Reached XP level 6. HP: 38/38 MP: 6/6
  1649 | D:3      | 1649 ||| Stepping ~*~*~tactically~*~*~ (stealth).
  1650 | D:3      | 1650 ||| Stepping ~*~*~tactically~*~*~ (stealth).
  1693 | D:3      | 1693 ||| READING scroll of enchant armour.
  1693 | D:3      | 1693 ||| ENCHANTING +0 pair of boots.
  1881 | D:3      | 1881 ||| Stepping ~*~*~tactically~*~*~ (stealth).
  1887 | D:3      | 1887 ||| Stepping ~*~*~tactically~*~*~ (stealth).
  1919 | D:3      | Noticed Natasha
  1920 | D:3      | 1920 ||| Stepping ~*~*~tactically~*~*~ (stealth).
  1925 | D:3      | 1925 ||| Stepping ~*~*~tactically~*~*~ (stealth).
  1956 | D:3      | Found a faded altar of an unknown god.
  1994 | D:3      | Killed Natasha
  2081 | D:3      | 2081 ||| UPGRADING to +0 cloak.
  2086 | D:3      | 2086 ||| UPGRADING to ring of resist corrosion.
  2087 | D:3      | 2087 ||| UPGRADING to +6 ring of strength.
  2089 | D:3      | 2089 ||| UPGRADING to ring of protection from cold.
  2091 | D:3      | 2091 ||| READING scroll labelled LEERPH QAFU.
  2092 | D:3      | 2092 ||| READING scroll labelled SYXEUD VAOPSU.
  2092 | D:3      | Identified a scroll of acquirement
  2092 | D:3      | 2092 ||| ACQUIRING +6 plate armour of Wrong Decisions
                  | {Regen+ rCorr Dex-5 SInv}
  2092 | D:3      | Acquired the +6 plate armour of Wrong Decisions {Regen+
                  | rCorr Dex-5 SInv}
  2094 | D:3      | 2094 ||| UPGRADING to +6 plate armour of Wrong Decisions
                  | {Regen+ rCorr Dex-5 SInv}.
  2104 | D:3      | 2104 ||| DROPPING +0 chain mail.
  2105 | D:3      | 2105 ||| DRINKING 2 fizzy pink potions.
  2210 | D:3      | 2210 ||| READING 3 scrolls of identify.
  2210 | D:3      | 2210 ||| IDENTIFYING golden potion
  2211 | D:3      | 2211 ||| READING 2 scrolls of identify.
  2211 | D:3      | 2211 ||| IDENTIFYING grey potion
  2212 | D:3      | 2212 ||| DROPPING potion of brilliance.
  2213 | D:3      | 2213 ||| DROPPING potion of berserk rage.
  2225 | D:4      | 2225 ||| PLANNING SEWER
  2309 | D:4      | 2309 ||| Stepping ~*~*~tactically~*~*~ (hiding).
  2430 | D:4      | HP: 9/38 [orc priest/+0 flail (7)]
  2451 | D:4      | 2451 ||| FLEEEEING.
  2464 | D:4      | Noticed Pikel
  2489 | D:4      | HP: 9/38 [Pikel/+2 whip of flaming (6)]
  2497 | D:4      | Killed Pikel
  2498 | D:4      | Reached skill level 7 in Axes
  2498 | D:4      | Reached XP level 7. HP: 14/43 MP: 7/7
  2527 | D:4      | 2527 ||| DROPPING +0 mace.
  2544 | D:4      | 2544 ||| DROPPING +2 whip of flaming.
  2581 | D:4      | 2581 ||| READING scroll of enchant armour.
  2581 | D:4      | 2581 ||| ENCHANTING +1 pair of boots.
  2679 | D:4      | Reached XP level 8. HP: 40/48 MP: 8/8
  2983 | D:4      | 2983 ||| RIP SEWER
  2984 | D:4      | 2984 ||| PLANNING D:1-11
  3015 | D:4      | 3015 ||| Stepping ~*~*~tactically~*~*~ (water).
  3084 | D:4      | 3084 ||| Stepping ~*~*~tactically~*~*~ (stealth).
  3313 | D:4      | 3313 ||| UPGRADING to +2 cloak.
  3323 | D:4      | 3323 ||| DROPPING +0 cloak.
  3351 | D:5      | Entered Level 5 of the Dungeon
  3570 | D:5      | HP: 8/49 [gnoll bouda/+0 club (6)]
  3570 | D:5      | Slain by a gnoll

Levels and vault maps discovered:
D:1:      minmay_arrival_glassed_features, layout_basic, serial_park_tiny_pond
D:2:      layout_basic, serial_shops, shop, minivault_26, serial_park_tiny_pond,
          corexii_corridor_pit
D:3:      layout_loops_ring, chequers_ecumenical_altar_twisty, uniq_natasha
D:4:      layout_loops_ring, portal_sewer_entry_e, minmay_rat_hole, uniq_pikel
D:5:      minmay_chambers_of_fours, layout_basic, serial_shops, shop,
          uniq_sigmund

Skill      XL: |  1  2  3  4  5  6  7  8 |
---------------+-------------------------+-----
Axes           | 2 3 4 5 7 |  7.5
Throwing       | 1 2 |  2.2
Fighting       | 4 5 |  5.2
Armour         | 4 |  4.1
Shields        | |  3.2

Action                     |  1- 3 |  4- 6 |  7- 9 || total
---------------------------+-------+-------+-------++-------
  Melee: War axe           |    96 |   172 |    91 ||   359
  Throw: Javelin           |     7 |    30 |    18 ||    55
    Use: Scroll            |     5 |     5 |     1 ||    11
         Potion            |       |     1 |       ||     1
 Armour: Scale mail        |    40 |       |       ||    40
         Chain mail        |    16 |    83 |       ||    99
         Plate armour      |       |    33 |    82 ||   115
  Dodge: Dodged            |    41 |    73 |    26 ||   140
  Block: Buckler           |    19 |    28 |    17 ||    64

Table legend:
 A = Non-vault XP
 B = Vault XP
 C = Vault XP percentage of total XP
 D = Non-vault monster count
 E = Vault monster count
 F = Vault count percentage of total count
                 A         B        C        D         E       F
            +---------+---------+-------+---------+---------+-------
      Total |     879 |     699 |  44.3 |      99 |      29 |  22.7
            +---------+---------+-------+---------+---------+-------
        D:1 |      48 |       0 |   0.0 |      25 |       0 |   0.0
        D:2 |     121 |       0 |   0.0 |      24 |       0 |   0.0
        D:3 |     170 |      35 |  17.1 |      24 |       1 |   4.0
        D:4 |     375 |     664 |  63.9 |      23 |      28 |  54.9
        D:5 |     165 |       0 |   0.0 |       3 |       0 |   0.0
            +---------+---------+-------+---------+---------+-------
